 Dungeon Crawl Stone Soup version 0.28-a0-410-gbef64dd269 (webtiles) character file.

Game seed: 16156722624114164474

4525 rogsnak the Thaumaturge (level 10, -1/69 HPs)
             Began as a Djinni Earth Elementalist on Sept 6, 2021.
             Was a Follower of the Shining One.
             Slain by a killer bee (4 damage)
             ... on level 7 of the Dungeon.
             The game lasted 00:20:48 (12038 turns).

rogsnak the Thaumaturge (DjEE)                     Turns: 12038, Time: 00:20:48

Health: -1/69      AC:  7    Str:  7    XL:     10   Next: 66%
Gold:   252        EV: 14    Int: 21    God:    the Shining One [*.....] SH:  0 Dex: 13

rFire   + + .      SeeInvis +   M - +2 short sword (elec)
rCold   . . .      Faith    +   (no shield)
rNeg    + . .      Spirit   .   E - +2 leather armour {rC+}
rPois   ∞          Reflect  .   B - +0 helmet
rElec   .          Harm     .   (no cloak)
rCorr   .          Rampage  .   (no gloves)
Will    +....                   (boots unavailable)
Stlth   +.........              Q - amulet of faith
HPRegen 0.21/turn               C - ring of positive energy
MPRegen 0.00/turn               J - ring of see invisible

@: flying, glowing, studying Armour
A: sickness immunity, fire resistance 2, cold vulnerability 1, float, innate
caster, hp casting, extra vitality 1
a: Renounce Religion


You were on level 7 of the Dungeon.
You worshipped the Shining One.
The Shining One was aware of your devotion.
You visited 2 branches of the dungeon, and saw 8 of its levels.
You also visited: Sewer.

You collected 252 gold pieces.

Inventory:

Hand Weapons
 g - a +1 dagger of venom
 A - a +0 dagger of venom
 M - a +2 short sword of electrocution (weapon)
 R - the +5 dagger of Yesterday {freeze, +Blink}
   (You found it on level 6 of the Dungeon)

   It freezes those it strikes, dealing additional cold damage.
   It can also slow down cold-blooded creatures.
   +Blink:    It lets you blink.
Missiles
 c - 237 stones
 l - 5 boomerangs
 s - 46 poisoned darts
 t - 6 atropa-tipped darts
 u - 4 curare-tipped darts
Armour
 b - a +0 robe
 d - a +0 kite shield
 q - a +2 ring mail of willpower
 B - a +0 helmet (worn)
 E - a +2 leather armour of cold resistance (worn)
Magical Staves
 D - a staff of air
Jewellery
 C - a ring of positive energy (left hand)
 J - a ring of see invisible (right hand)
 Q - an amulet of faith (around neck)
Wands
 e - a wand of charming (3)
 x - a wand of digging (7)
 I - a wand of acid (24)
 O - a wand of flame (15)
Scrolls
 a - 8 scrolls of identify {unknown}
 j - 8 scrolls of blinking {unknown}
 k - a scroll of summoning {unknown}
 m - 2 scrolls of magic mapping {unknown}
 n - 3 scrolls of vulnerability {unknown}
 v - 2 scrolls of enchant weapon {unknown}
 y - a scroll of amnesia {unknown}
 G - a scroll of immolation {unknown}
 H - 3 scrolls of noise {unknown}
 K - 4 scrolls of holy word {unknown}
 P - 2 scrolls of teleportation {unknown}
Potions
 h - 2 potions of might {unknown}
 i - a potion of attraction {unknown}
 o - a potion of ambrosia {unknown}
 p - 3 potions of heal wounds {unknown}
 r - 3 potions of resistance {unknown}
 w - 4 potions of cancellation {unknown}
 z - a potion of berserk rage {unknown}
 F - 3 potions of curing
 L - 2 potions of magic {unknown}
 N - a potion of brilliance {unknown}
 S - a potion of degeneration {unknown}
 T - a potion of haste


   Skills:
 + Level 4.4 Fighting
 + Level 6.7 Armour
 + Level 7.7 Dodging
 - Level 2.0 Stealth
 - Level 0.2 Unarmed Combat
 + Level 9.1 Spellcasting


You had 7 spell levels left.
You knew the following spells:

 Your Spells              Type           Power      Damage    Failure   Level
a - Sandblast             Erth           96%        2d20      1%          1
b - Passwall              Tmut/Erth      40%        N/A       1%          2
c - Stone Arrow           Conj/Erth      96%        3d13      1%          3
d - Petrify               Tmut/Erth      48%        N/A       2%          4
e - Corona                Hex            48%        N/A       1%          1
f - Ensorcelled Hibernat  Hex/Ice        96%        N/A       1%          2
g - Call Canine Familiar  Summ           48%        N/A       1%          3
h - Summon Lightning Spi  Summ/Air       48%        N/A       2%          4
Your spell library was empty.

Dungeon Overview and Level Annotations

Branches:
Dungeon (7/15)             Temple (1/1) D:4           Sewer (visited)

Altars:
Ashenzari
Dithmenos
Elyvilon
Fedhas
Gozag
Hepliaklqana
Nemelex Xobeh
Qazlal
Ru
Uskayaw
Wu Jian
Yredelemnul
Zin
The Shining One

Shops:
D:6 =


Innate Abilities, Weirdness & Mutations

You are immune to sickness and miasma.
You are immune to poison.
Your flesh is very heat resistant. (rF++)
You are vulnerable to cold. (rC-)
You float through the air rather than walking.
You learn spells naturally, not from books.
Your magical power is your life essence.
You have superior vitality. (+4 HP)


Message History

Unknown command.
Unknown command.
The killer bee stings you.
* * * LOW HITPOINT WARNING * * *
The killer bee closely misses you.
Unknown command.
Unknown command.
Casting: Stone Arrow (safe; 1% risk of failure)
Confirm with . or Enter, or press ? or * to list all spells.
Aiming: Stone Arrow (safe; 1% risk of failure)
Press: ? - help, Shift-Dir - straight line, f/p - killer bee
Aim: a killer bee (severely wounded, ally target, haloed, 65% to hit)
Okay, then.
The killer bee stings you.
* * * LOW HITPOINT WARNING * * *
The killer bee stings your lightning spire.
The killer bee stings you.
* * * LOW HITPOINT WARNING * * *
The killer bee barely misses you.
Unknown command.
Okay, then.
You feel better.
The killer bee stings your lightning spire but does no damage.
The killer bee barely misses you. x2
The killer bee stings your lightning spire.
The killer bee stings you.
* * * LOW HITPOINT WARNING * * *
The killer bee barely misses you.
Your lightning spire shoots out a bolt of lightning at the killer bee!
The bolt of electricity hits the killer bee!
The killer bee dies!
The bolt of electricity hits your lightning spire.
Your lightning spire completely resists.
The killer bee closely misses you. The killer bee stings you!
* * * LOW HITPOINT WARNING * * *
Unknown command.
It was a potion of flight.
You feel more buoyant. The killer bee stings you.
You die...

.....###...........###... .
#........................
#.##.................#####.
.....#.................# ##
##............#...####.#
......###8.........###.####
........†..................
.....††..y.........###.....
.....†#.sy@.....>..........
..... #####........##.#####
.... #.......[........# ...
#.####.#..##.....# .. #.#
##.##..####### .
#.###...##..# #.##.....##.#
#.'...)...'.# #####...#####


You could see a scorpion, 2 killer bees and a friendly lightning spire
(summoned).

Vanquished Creatures
  A two-headed ogre (D:6)
  Pikel (D:5)
  Grinder (D:5)
  Prince Ribbit (D:7)
  Sigmund (D:5)
  Eustachio (D:5)
  Duvessa (D:5)
  2 black bears
  A sky beast (D:7)
  A necrophage (D:4)
  A hornet zombie (D:6)
  An ogre (D:6)
  A centaur (D:7)
  4 lemures (D:5)
  6 kobold brigands
  4 bullfrogs (D:6)
  A water moccasin zombie (D:6)
  Dowan (D:5)
  6 killer bees (D:7)
  4 bullfrog zombies
  2 hounds
  A jelly (D:7)
  A gnoll shaman (D:7)
  A bullfrog skeleton (D:5)
  Ijyb (D:5)
  Jessica (D:2)
  Natasha (thrice) (D:4)
  3 orc wizards
  A killer bee zombie (D:7)
  A howler monkey zombie (D:6)
  Robin (D:4)
  5 gnolls (D:7)
  3 river rats (Sewer)
  8 adders
  A white imp (D:5)
  An ufetubus (D:5)
  A worm (Sewer)
  3 dart slugs
  23 orcs
  10 endoplasms
  8 giant cockroaches
  11 goblins
  9 hobgoblins
  6 quokkas
  12 ball pythons
  9 bats
  2 frilled lizards
  13 kobolds
  27 rats
208 creatures vanquished.

Vanquished Creatures (collateral kills)
  4 killer bees (D:7)
4 creatures vanquished.

Vanquished Creatures (others)
  A giant cockroach (D:4)
  A goblin (D:4)
2 creatures vanquished.

Grand Total: 214 creatures vanquished

Notes
Turn   | Place    | Note
-------+----------+-------------------------------------------
     0 | D:1      | rogsnak the Djinni Earth Elementalist began the quest for
                  | the Orb.
     0 | D:1      | Reached XP level 1. HP: 15/15 MP: 0/0
   256 | D:1      | Reached XP level 2. HP: 21/21 MP: 0/0
   256 | D:1      | Upgraded the game from 0.28-a0-407-g69098e2f6d to
                  | 0.28-a0-410-gbef64dd269
  1393 | D:1      | Reached XP level 3. HP: 25/25 MP: 0/0
  1393 | D:1      | Learned a level 1 spell: Corona
  2024 | D:2      | Noticed Jessica
  2027 | D:2      | Killed Jessica
  2028 | D:2      | Reached XP level 4. HP: 19/31 MP: 0/0
  2537 | D:2      | Reached skill level 1 in Fighting
  2537 | D:2      | Reached skill level 3 in Spellcasting
  3417 | D:3      | Reached XP level 5. HP: 14/37 MP: 0/0
  3417 | D:3      | Learned a level 2 spell: Ensorcelled Hibernation
  3479 | D:3      | Found a hide-covered altar of Uskayaw.
  3612 | D:3      | Found a glowing drain.
  3758 | Sewer    | Entered a sewer
  4062 | Sewer    | Noticed a kobold brigand
  4067 | Sewer    | Killed a kobold brigand
  4068 | Sewer    | Reached XP level 6. HP: 33/43 MP: 0/0
  4931 | Sewer    | Reached skill level 4 in Spellcasting
  4931 | Sewer    | Reached XP level 7. HP: 33/49 MP: 0/0
  4931 | Sewer    | Learned a level 3 spell: Call Canine Familiar
  5221 | Sewer    | Reached skill level 5 in Dodging
  5878 | D:3      | Found a basalt altar of Yredelemnul.
  6596 | D:4      | Noticed Robin
  6647 | D:4      | Killed Robin
  6888 | D:4      | Found a sparkling altar of Nemelex Xobeh.
  6915 | D:4      | Reached skill level 5 in Spellcasting
  6915 | D:4      | Reached XP level 8. HP: 43/56 MP: 0/0
  7526 | D:4      | Noticed Natasha
  7529 | D:4      | Killed Natasha
  7629 | D:4      | Found a staircase to the Ecumenical Temple.
  7637 | Temple   | Entered the Ecumenical Temple
  7674 | Temple   | Became a worshipper of the Shining One
  7775 | D:4      | Noticed Natasha
  7779 | D:4      | Killed Natasha
  7843 | D:4      | Noticed Natasha
  7846 | D:4      | Killed Natasha
  7854 | D:5      | Entered Level 5 of the Dungeon
  7854 | D:5      | Noticed Sigmund
  7854 | D:5      | Noticed Pikel
  7854 | D:5      | Noticed Grinder
  7892 | D:5      | Noticed Ijyb
  7900 | D:5      | Killed Ijyb
  8128 | D:5      | Killed Grinder
  8129 | D:5      | Reached skill level 1 in Armour
  8275 | D:5      | Found a sacrificial altar of Ru.
  8379 | D:5      | Found a shadowy altar of Dithmenos.
  8413 | D:5      | Killed Sigmund
  8683 | D:5      | Killed Pikel
  8684 | D:5      | Reached skill level 6 in Spellcasting
  8684 | D:5      | Reached XP level 9. HP: 23/62 MP: 0/0
  8684 | D:5      | Learned a level 4 spell: Summon Lightning Spire
  8950 | D:5      | Noticed Eustachio
  8955 | D:5      | Killed Eustachio
  9265 | D:6      | Found Pacroggo's Jewellery Shop.
  9267 | D:6      | Noticed Duvessa
  9267 | D:6      | Noticed Dowan
  9445 | D:5      | Killed Duvessa
  9447 | D:5      | Killed Dowan
  9590 | D:6      | Reached * piety under the Shining One
  9764 | D:6      | Reached skill level 5 in Armour
  9764 | D:6      | Reached skill level 7 in Spellcasting
  9803 | D:6      | Identified the +5 dagger of Yesterday {freeze, +Blink}
 10129 | D:6      | Noticed a two-headed ogre
 10138 | D:6      | Killed a two-headed ogre
 10139 | D:6      | Reached skill level 8 in Spellcasting
 10139 | D:6      | Reached XP level 10. HP: 54/68 MP: 0/0
 11411 | D:7      | Noticed Prince Ribbit
 11505 | D:7      | Killed Prince Ribbit
 11789 | D:7      | Reached skill level 9 in Spellcasting
 12037 | D:7      | HP: 3/69 [killer bee (7)]
 12038 | D:7      | Slain by a killer bee

Illustrated notes

Levels and vault maps discovered:
D:1:      lordsloth_arrival_two_stooges, layout_basic, minmay_hexomino_u4
D:2:      layout_rooms, st_stairs_1, interstate_on_off, uniq_jessica
D:3:      layout_loops_ring, mainiacjoe_overflow_chevrons,
          nicolae_uskayaw_suspiria, portal_sewer_entry_d, minmay_rat_hole
D:4:      layout_cave_pools, nicolae_overflow_crystal_walls,
          minmay_temple_entry_glassed_door, uniq_robin, uniq_natasha
D:5:      layout_basic, nicolae_ru_the_path_less_chosen,
          mainiacjoe_overflow_brackets, uniq_sigmund, uniq_eustachio,
          uniq_pikel, uniq_grinder, uniq_ijyb
D:6:      layout_basic, serial_shops, nicolae_shop_trees, uniq_duvessa
D:7:      layout_rooms, lemuel_coloured_pillars_altar, grunt_ministairs_14,
          uniq_prince_ribbit1
Temple:   nicolae_temple_hex_pool

Skill      XL: |  1  2  3  4  5  6  7  8  9 10 |
---------------+-------------------------------+-----
Dodging        | 3 4 5 7 |  7.7
Stealth        | 2 |  2.0
Fighting       | 1 2 3 4 |  4.4
Spellcasting   | 3 4 5 6 8 9 |  9.1
Armour         | 4 6 |  6.7
Unarmed Combat | |  0.2

Action                   |  1- 3 |  4- 6 |  7- 9 | 10-12 || total
-------------------------+-------+-------+-------+-------++-------
Melee: Club              |    61 |       |       |       ||    61
       Unarmed           |    11 |       |       |       ||    11
       Dagger            |    83 |       |    10 |       ||    93
       Spear             |       |   138 |   126 |       ||   264
       Punch             |       |     1 |       |       ||     1
       Short sword       |       |       |    13 |     8 ||    21
 Cast: Sandblast         |     8 |    16 |     8 |       ||    32
       Stone Arrow       |     1 |    25 |   106 |    51 ||   183
       Call Canine Famil |       |       |     3 |     1 ||     4
       Ensorcelled Hiber |       |       |     2 |       ||     2
       Summon Lightning  |       |       |       |     3 ||     3
  Use: Potion            |       |       |       |     2 ||     2
 Stab: Sleeping          |     3 |     5 |     4 |       ||    12
       Distracted        |     1 |       |       |       ||     1
Armor: Robe              |    55 |    12 |    28 |       ||    95
       Leather armour    |       |       |     7 |     9 ||    16
Dodge: Dodged            |   150 |    86 |   118 |    37 ||   391

Table legend: (Time is in decaauts)
 A = Elapsed time spent in this place.
 B = Non-inter-level travel time spent in this place.
 C = Inter-level travel time spent in this place.
 D = Time resting spent in this place.
 E = Time spent auto-exploring this place.
 F = Levels seen in this place.
 G = Mean time per level.
                   A        B        C        D        E       F      G
               +--------+--------+--------+--------+--------+-----+--------+
         Total |  12093 |  11953 |    140 |   4386 |   5286 |   9 | 1343.7 |
       Dungeon |  10472 |  10332 |    140 |   3713 |   4696 |   7 | 1496.0 |
        Temple |     60 |     60 |      0 |      0 |      1 |   1 |   60.0 |
         Sewer |   1559 |   1559 |      0 |    673 |    589 |   1 | 1559.0 |
               +--------+--------+--------+--------+--------+-----+--------+

Top non-repeatable levels by time:
     D:3: 2032 daAuts
     D:2: 1787 daAuts
     D:1: 1639 daAuts
     D:5: 1633 daAuts
     D:6: 1576 daAuts
   Sewer: 1559 daAuts
     D:7: 959 daAuts
     D:4: 844 daAuts
  Temple: 60 daAuts
